[Event "Titled Tuesday Blitz May 30 Late 2023"]
[White "Mujumdar, Sameer"]
[Black "Grinev, Valeriy"]
[WhiteFideId "2029707"]
[BlackFideId "14117517"]
[WhiteElo "2104"]
[BlackElo "2366"]
[Result "1-0"]
[Round "05"]
[TimeControl "180+2"]
[Date "2023.05.31"]
[WhiteClock "0:01:06"]
[BlackClock "0:01:30"]

1. d4 c5 2. d5 d6 3. Nc3 g6 4. e4 Bg7 5. Be3 a6 6. a4 Nf6 7. Qd2 O-O 8. Bh6 e6 9. Bxg7 Kxg7 10. dxe6 Bxe6 11. Rd1 Nc6 12. f3 d5 13. exd5 Nxd5 14. Nxd5 Bxd5 15. Qxd5 Re8+ 16. Kf2 Qh4+ 17. g3 Qe7 18. Qd2 Rad8 19. Qc3+ Nd4 20. Ne2 Kg8 21. Nxd4 cxd4 22. Qd2 Qc5 23. Bd3 Re3 24. Rhe1 Rde8 25. Kg2 h5 26. Rxe3 dxe3 27. Qc3 Qb6 28. Re1 h4 29. Qb3 Qf6 30. Qxb7 hxg3 31. hxg3 a5 32. Qb5 Re5 33. Qb8+ Kg7 34. Rh1 Rh5 35. Rxh5 gxh5 36. Qf4 Qxb2 37. Qxe3 Qf6 38. f4 Qc6+ 39. Qe4 Qc3 40. Qe5+ Qxe5 41. fxe5 f6 42. exf6+ Kxf6 43. Kf3 Ke5 44. Ke3 Kd5 45. c4+ Kc5 46. Kf4 Kd4 47. Kg5 h4 48. gxh4 Kxd3 49. c5 Kc4 50. c6 Kb4 51. c7 Kxa4 52. c8=Q 1-0


[Site "https://www.chess.com"]

[Event "Titled Tuesday Blitz May 30 Late 2023"]
[White "MKlose11"]
[Black "Mazurkiewicz, Michal"]
[BlackFideId "1124943"]
[WhiteElo "2595"]
[BlackElo "2054"]
[Result "1-0"]
[Round "05"]
[TimeControl "180+2"]
[Date "2023.05.31"]
[WhiteClock "0:00:07"]
[BlackClock "0:00:01"]

1. e4 d6 2. Nc3 Nf6 3. d4 c6 4. a4 Qa5 5. Bd2 Qb6 6. Nf3 Bg4 7. e5 Nd5 8. Nxd5 cxd5 9. Bb5+ Nd7 10. exd6 Qxd6 11. h3 Bxf3 12. Qxf3 a6 13. Bd3 e6 14. O-O Be7 15. Bf4 Qb6 16. Be3 Bf6 17. Qg4 h5 18. Qf4 g5 19. Qg3 O-O-O 20. c4 h4 21. Qh2 Qc7 22. Qxc7+ Kxc7 23. cxd5 exd5 24. Rac1+ Kb6 25. Bf5 Nb8 26. f4 gxf4 27. Bxf4 Bxd4+ 28. Kh1 Nc6 29. Rfd1 Bc5 30. b3 Rhe8 31. Bg5 Rd6 32. Bxh4 Re2 33. Bg4 Rb2 34. Rd3 Ne5 35. Rdc3 Bd4 36. Rg3 Bf2 37. Bf5 Bxg3 38. Bxg3 f6 39. Rc3 Rc6 40. Re3 Rcc2 41. Bxe5 Rc1+ 42. Kh2 fxe5 43. Rxe5 Rxb3 44. Rxd5 Rb2 45. Be4 Re1 46. a5+ Ka7 47. Bf3 Rb5 48. Rd7 Rxa5 49. Rxb7+ Ka8 50. Rb1+ Ka7 51. Rxe1 Kb6 52. Rg1 Kc5 53. h4 Kd4 54. Kh3 Ke3 55. Kg3 Rf5 56. Re1+ Kd2 57. Re4 a5 58. Rg4 Kc3 59. Rg5 Rxg5+ 60. hxg5 Kd4 61. Bh5 Ke5 62. Bf7 Kf5 63. Kh4 a4 64. Ba2 a3 65. Kh5 Ke5 66. Kh6 1-0


[Site "https://www.chess.com"]

[Event "Titled Tuesday Blitz May 30 Late 2023"]
[White "Kleiman, Jake"]
[Black "KorolDimitriy75"]
[WhiteFideId "2020041"]
[WhiteElo "2591"]
[BlackElo "2427"]
[Result "1/2-1/2"]
[Round "05"]
[TimeControl "180+2"]
[Date "2023.05.31"]
[WhiteClock "0:00:13"]
[BlackClock "0:00:05"]

1. e4 c5 2. c3 d5 3. exd5 Qxd5 4. d4 cxd4 5. Nf3 Nc6 6. cxd4 e5 7. Nc3 Bb4 8. Bd2 Bxc3 9. Bxc3 e4 10. Ne5 Nxe5 11. dxe5 Ne7 12. Qe2 O-O 13. Rd1 Qxa2 14. Bb4 Nc6 15. Bxf8 Kxf8 16. Qxe4 Qxb2 17. f4 g6 18. Be2 Qc3+ 19. Kf2 Bf5 20. Qe3 Qb4 21. Rd6 a5 22. g4 Be6 23. Kg3 Re8 24. Rf1 Bb3 25. Rc1 Qxd6 26. Qxb3 Qc7 27. Qb5 Ra8 28. Bf3 a4 29. Bxc6 bxc6 30. Rxc6 Qe7 31. Qb6 a3 32. Rc7 Qe8 33. Qc5+ Kg8 34. Ra7 a2 35. Qa5 Rxa7 36. Qxa7 Qe6 37. h3 Qb3+ 38. Kh4 Qb2 39. Qa8+ Kg7 40. Qd8 a1=Q 41. Qf6+ Kg8 42. Qd8+ Kg7 43. Qf6+ Kg8 44. Qd8+ Kg7 1/2-1/2


[Site "https://www.chess.com"]

[Event "Titled Tuesday Blitz May 30 Late 2023"]
[White "Adewumi, Tanitoluwa"]
[Black "Jakic, Ivan"]
[WhiteFideId "30966396"]
[BlackFideId "14504901"]
[WhiteElo "2590"]
[BlackElo "2370"]
[Result "0-1"]
[Round "05"]
[TimeControl "180+2"]
[Date "2023.05.31"]
[WhiteClock "0:00:01"]
[BlackClock "0:01:23"]

1. e4 c5 2. Nf3 d6 3. Bb5+ Nd7 4. c3 Nf6 5. Bd3 g6 6. Bc2 Bg7 7. d4 O-O 8. O-O Qc7 9. Re1 e5 10. dxe5 dxe5 11. c4 Nb8 12. Nc3 Nc6 13. Bg5 Bg4 14. Bxf6 Bxf6 15. Nd5 Qd8 16. h3 Bxf3 17. Qxf3 Bg7 18. Qg3 Nd4 19. Bd3 Kh8 20. Rad1 Qd6 21. a3 f5 22. exf5 gxf5 23. Bb1 Rad8 24. b4 b6 25. bxc5 bxc5 26. Qh4 e4 27. Qh5 Be5 28. Kf1 Bg7 29. Kg1 Qa6 30. Re3 Qxc4 31. Nf4 Rd6 32. Kh2 Be5 33. g3 Bxf4 34. gxf4 Rg6 35. Rg3 Rfg8 36. Rxg6 Rxg6 37. Qh4 Nf3+ 38. Kh1 Nxh4 0-1


[Site "https://www.chess.com"]

[Event "Titled Tuesday Blitz May 30 Late 2023"]
[White "Skaric, Djuro"]
[Black "brm72"]
[WhiteFideId "934569"]
[WhiteElo "2282"]
[BlackElo "2590"]
[Result "0-1"]
[Round "05"]
[TimeControl "180+2"]
[Date "2023.05.31"]
[WhiteClock "0:00:12"]
[BlackClock "0:00:09"]

1. g3 Nf6 2. Bg2 d5 3. d3 g6 4. Nf3 Bg7 5. O-O O-O 6. Nc3 c5 7. e4 e6 8. h3 Nc6 9. Nd2 a5 10. f4 Rb8 11. g4 dxe4 12. Ndxe4 Nxe4 13. Nxe4 b6 14. Rb1 Bb7 15. Be3 Nd4 16. c3 Nc6 17. Qe2 Ne7 18. Rbd1 Nd5 19. Bc1 Qc7 20. f5 exf5 21. gxf5 Rbe8 22. Qg4 Bc8 23. Ng5 Nf6 24. Qf4 Qxf4 25. Bxf4 Re2 26. fxg6 hxg6 27. Rf2 Rfe8 28. Rd2 Re1+ 29. Kh2 Bf5 30. d4 cxd4 31. cxd4 Nh5 32. Bc7 Bh6 33. h4 Nf6 34. Bxb6 Ng4+ 35. Kg3 f6 36. Bd5+ Kg7 37. Nf3 Bxd2 38. Rxd2 R8e3 39. Bb7 Rg1+ 40. Kf4 Rf1 41. Kg3 Be4 42. Bxe4 Rxe4 43. d5 f5 44. d6 Rxf3+ 45. Kg2 Ne5 46. Bd4 Rg4+ 47. Kh2 Rxh4+ 48. Kg2 Rg4+ 49. Kh2 Rxd4 50. Rxd4 Nd7 51. Rd5 Rf2+ 52. Kg3 Rxb2 53. Rxa5 Kf6 54. Ra7 Ke6 55. a4 Rd2 56. Ra8 Rxd6 57. Rg8 Kf7 58. Rd8 Rd3+ 59. Kf2 Rd4 60. a5 Ke7 61. Rg8 Nf8 62. Rg7+ Kf6 63. Rb7 Ra4 64. Rb8 Ne6 65. Rb5 g5 66. Rd5 g4 67. Rb5 Kg5 68. Ke3 g3 69. Kd3 g2 70. Rb1 Kg4 71. Rg1 Kg3 72. Kc3 Rxa5 73. Kb3 Re5 74. Ka4 f4 75. Kb4 f3 76. Kc3 f2 77. Rd1 f1=Q 78. Rd3+ Qxd3+ 0-1


[Site "https://www.chess.com"]

[Event "Titled Tuesday Blitz May 30 Late 2023"]
[White "Sadilek, Peter"]
[Black "Prado Lobo, Jonas"]
[WhiteFideId "1616439"]
[BlackFideId "32050666"]
[WhiteElo "2227"]
[BlackElo "2322"]
[Result "1-0"]
[Round "05"]
[TimeControl "180+2"]
[Date "2023.05.31"]
[WhiteClock "0:01:13"]
[BlackClock "0:02:03"]

1. d4 Nf6 2. c4 g6 3. Nc3 d5 4. Bg5 Ne4 5. Bh4 Nxc3 6. bxc3 Bg7 7. e3 O-O 8. cxd5 Qxd5 9. Bxe7 Re8 10. Bh4 c5 11. Nf3 cxd4 12. cxd4 Nc6 13. Be2 Bf5 14. O-O Rac8 15. Qb3 Qd7 16. Rac1 Nxd4 17. Nxd4 Rxc1 18. Rxc1 Bxd4 19. Bb5 Rc8 20. Rxc8+ Qxc8 21. exd4 Qc1+ 22. Bf1 Be6 23. Qxb7 Bxa2 24. Bf6 1-0


[Site "https://www.chess.com"]

[Event "Titled Tuesday Blitz May 30 Late 2023"]
[White "Omelja, Artem"]
[Black "Gasparyan, David"]
[WhiteFideId "14119846"]
[BlackFideId "13311980"]
[WhiteElo "2404"]
[BlackElo "2406"]
[Result "0-1"]
[Round "05"]
[TimeControl "180+2"]
[Date "2023.05.31"]
[WhiteClock "0:00:01"]
[BlackClock "0:00:50"]

1. e4 e5 2. Nf3 Nc6 3. d4 exd4 4. Nxd4 Bc5 5. Be3 Qf6 6. c3 Nge7 7. Bc4 d6 8. O-O Ne5 9. Be2 h5 10. Nd2 Ng4 11. Bxg4 hxg4 12. Re1 Ng6 13. Nf1 Ne5 14. Nf5 Bxe3 15. N5xe3 c6 16. Ng3 Qh6 17. Nef1 g6 18. Qxd6 Qf4 19. Rad1 Bd7 20. Ne2 Qg5 21. Qd2 Qf6 22. Qf4 Qe7 23. Rd2 O-O-O 24. Red1 Rde8 25. Nd4 Rh5 26. Nb3 Reh8 27. Qe3 Kb8 28. Qc5 Nf3+ 29. gxf3 Rxc5 30. Nxc5 Qxc5 31. Rxd7 gxf3 32. Rxf7 Qg5+ 33. Ng3 Qh6 34. Kf1 Qxh2 35. Ke1 Qg1+ 36. Nf1 Qg4 37. Rdd7 Qxe4+ 0-1


[Site "https://www.chess.com"]

[Event "Titled Tuesday Blitz May 30 Late 2023"]
[White "Talbi, Chafik"]
[Black "Fiorito, Francisco"]
[WhiteFideId "7903715"]
[BlackFideId "180165"]
[WhiteElo "2186"]
[BlackElo "2341"]
[Result "0-1"]
[Round "05"]
[TimeControl "180+2"]
[Date "2023.05.31"]
[WhiteClock "0:00:08"]
[BlackClock "0:00:10"]

1. e4 c5 2. c3 Nf6 3. e5 Nd5 4. d4 cxd4 5. cxd4 d6 6. Nf3 Nc6 7. Bc4 Nb6 8. Bb3 dxe5 9. dxe5 Qxd1+ 10. Bxd1 Bg4 11. h3 Bxf3 12. Bxf3 O-O-O 13. Bxc6 bxc6 14. Be3 e6 15. O-O Kb7 16. Nd2 Nd5 17. Nc4 Rc8 18. b3 Bb4 19. Rac1 Ka6 20. a3 Be7 21. Rc2 Rhd8 22. Rfc1 Nxe3 23. Nxe3 Kb7 24. Nc4 Rd5 25. b4 c5 26. Na5+ Kb6 27. Nb3 Rxe5 28. bxc5+ Bxc5 29. Rb1 Ka6 30. Rbc1 Kb5 31. a4+ Kb6 32. Rb1 Kc6 33. Nd4+ Kd7 34. Rb7+ Rc7 35. Rxc7+ Kxc7 36. Nb3 Kb6 37. Kf1 a5 38. g3 Bb4 39. Nd4 Rc5 40. Re2 Rc4 41. Nb5 Bc5 42. Rb2 Rb4 43. Ra2 e5 44. Ke2 f6 45. Nc3 Kc6 46. f3 h5 47. g4 hxg4 48. hxg4 Bd4 49. Ne4 Rb2+ 50. Rxb2 Bxb2 51. Kd3 Bd4 52. Kc4 Be3 53. Ng3 g6 54. Ne4 f5 55. gxf5 gxf5 56. Nc3 Bd4 57. Nd5 Bc5 58. Nc3 Bb4 59. Nd5 Bf8 60. Nc3 Bd6 61. Nb5 Bb4 62. Na7+ Kd7 63. Kd5 e4 64. fxe4 f4 65. Nc6 Bc3 66. e5 f3 67. e6+ Ke8 68. e7 f2 69. Ke6 f1=Q 70. Ne5 Bxe5 71. Kxe5 Kxe7 72. Kd5 Qc1 73. Ke4 Qc2+ 74. Kd5 Qxa4 75. Kc5 Qb4+ 76. Kd5 a4 77. Ke5 Qc4 78. Kf5 Qd4 79. Kg5 Qe4 80. Kh5 Kf6 81. Kh6 Qh4# 0-1


[Site "https://www.chess.com"]

[Event "Titled Tuesday Blitz May 30 Late 2023"]
[White "Lalanne, Pablo"]
[Black "Marra, Eduardo da Costa"]
[WhiteFideId "112151"]
[BlackFideId "2106990"]
[WhiteElo "2120"]
[BlackElo "2252"]
[Result "1-0"]
[Round "05"]
[TimeControl "180+2"]
[Date "2023.05.31"]
[WhiteClock "0:00:06"]
[BlackClock "0:00:13"]

1. e4 c5 2. Nf3 e6 3. d4 cxd4 4. Nxd4 Nf6 5. Nc3 Nc6 6. Ndb5 Bc5 7. Bf4 O-O 8. Bc7 Qe7 9. Bd6 Bxd6 10. Qxd6 Qd8 11. Be2 Qb6 12. a4 a6 13. a5 Qd8 14. Nc7 Ne8 15. Nxe8 Rxe8 16. b4 Qf6 17. Qc5 d5 18. O-O d4 19. Na4 e5 20. Nb6 Rb8 21. Nd5 Qd8 22. Rad1 Be6 23. Bc4 Rc8 24. Nb6 Rc7 25. Bxe6 Rxe6 26. Qd5 Rd6 27. Qb3 Qg5 28. Rd3 Qg6 29. Re1 h6 30. Rg3 Qe6 31. Nd5 Rc8 32. Qf3 Ne7 33. Nb6 Rxc2 34. Qd3 Rc3 35. Qd2 Rxg3 36. hxg3 Rc6 37. Rc1 Qb3 38. Rxc6 Nxc6 39. Nd5 Qb1+ 40. Kh2 Qxe4 41. Qa2 d3 42. Ne3 Qd4 43. Qb3 d2 44. b5 axb5 45. Qxb5 d1=Q 46. Nxd1 Qxd1 47. a6 Qh5+ 48. Kg1 Qd1+ 49. Kh2 Qd6 50. axb7 Nb8 51. Qa5 Qd8 52. Qxd8+ 1-0


[Site "https://www.chess.com"]

[Event "Titled Tuesday Blitz May 30 Late 2023"]
[White "Oglaza, Oskar"]
[Black "Mathieu, Phileas"]
[WhiteFideId "1194402"]
[BlackFideId "36048410"]
[WhiteElo "2204"]
[BlackElo "2241"]
[Result "1-0"]
[Round "05"]
[TimeControl "180+2"]
[Date "2023.05.31"]
[WhiteClock "0:00:11"]
[BlackClock "0:00:23"]

1. e4 c5 2. Nf3 Nc6 3. d4 cxd4 4. Nxd4 Nf6 5. Nc3 h5 6. Bc4 e6 7. Be3 Ng4 8. O-O Qc7 9. g3 a6 10. Bf4 Qb6 11. Nf5 exf5 12. Nd5 Qc5 13. exf5 Qxc4 14. Re1+ Be7 15. Nc7+ Kf8 16. Nxa8 Qc5 17. Qe2 Kg8 18. c3 d5 19. b4 Qc4 20. Qd2 Bxf5 21. Nb6 Qd3 22. Qxd3 Bxd3 23. Nxd5 Bd8 24. Rad1 Bc4 25. Re4 Bxa2 26. c4 Kh7 27. Rd2 Bb3 28. h3 Nf6 29. Nxf6+ Bxf6 30. b5 axb5 31. cxb5 Nd8 32. Rd7 Be6 33. Rc7 Re8 34. b6 Re7 35. g4 hxg4 36. hxg4 g5 37. Be5 Kg7 38. Rxe7 Bxe5 39. Rxe5 Kf6 40. R5xe6+ fxe6 41. Rd7 Ke5 42. Rxd8 1-0


[Site "https://www.chess.com"]

[Event "Titled Tuesday Blitz May 30 Late 2023"]
[White "Thorfinnsson, Bragi"]
[Black "Qiao, Cindy"]
[WhiteFideId "2300958"]
[BlackFideId "2620243"]
[WhiteElo "2322"]
[BlackElo "1777"]
[Result "1-0"]
[Round "05"]
[TimeControl "180+2"]
[Date "2023.05.31"]
[WhiteClock "0:01:58"]
[BlackClock "0:01:25"]

1. Nc3 Nf6 2. e4 e5 3. Nf3 Nc6 4. d4 exd4 5. Nd5 d6 6. Nxd4 Nxd5 7. exd5 Ne5 8. Bb5+ Bd7 9. Qe2 Be7 10. f4 Ng6 11. f5 Ne5 12. Ne6 fxe6 13. fxe6 Bxb5 14. Qxb5+ c6 15. Qxb7 cxd5 16. Qb5+ Kf8 17. O-O+ Kg8 18. Qxd5 Qc7 19. Qxa8+ 1-0


[Site "https://www.chess.com"]

[Event "Titled Tuesday Blitz May 30 Late 2023"]
[White "Dragomirescu, Calin"]
[Black "Golubev, Mikhail"]
[WhiteFideId "1200895"]
[BlackFideId "14100983"]
[WhiteElo "2010"]
[BlackElo "2374"]
[Result "0-1"]
[Round "05"]
[TimeControl "180+2"]
[Date "2023.05.31"]
[WhiteClock "0:01:00"]
[BlackClock "0:00:21"]

1. d4 Nf6 2. Nf3 d6 3. c4 g6 4. Nc3 Bg7 5. e4 O-O 6. Be2 e5 7. O-O Nc6 8. d5 Ne7 9. Be3 Ng4 10. Bg5 f6 11. Bd2 Nh6 12. b4 f5 13. Ng5 f4 14. c5 a5 15. bxa5 dxc5 16. Ne6 Bxe6 17. dxe6 c6 18. Na4 Qd4 19. Bc3 Qxe4 20. Nxc5 Qf5 21. Nxb7 Nd5 22. Qb3 Qxe6 23. Bc4 f3 24. Rfd1 Kh8 25. Bxd5 cxd5 26. Qxd5 Qg4 27. Kf1 Qxg2+ 28. Ke1 Qg1+ 29. Kd2 Qxf2+ 30. Kc1 Rac8 31. Rd3 e4 32. Rd2 Rxc3+ 33. Kb2 Rd3+ 34. Kc2 Qxd2+ 0-1


[Site "https://www.chess.com"]

[Event "Titled Tuesday Blitz May 30 Late 2023"]
[White "Mortazavi, Ali"]
[Black "Campos, Maria Jose"]
[WhiteFideId "401323"]
[BlackFideId "146803"]
[WhiteElo "2339"]
[BlackElo "2170"]
[Result "1-0"]
[Round "05"]
[TimeControl "180+2"]
[Date "2023.05.31"]
[WhiteClock "0:00:23"]
[BlackClock "0:00:19"]

1. Nf3 Nf6 2. g3 e6 3. Bg2 d5 4. O-O b6 5. d3 Bb7 6. Nbd2 c5 7. e4 dxe4 8. Ng5 Nc6 9. dxe4 Be7 10. c3 Ne5 11. f4 Nc6 12. e5 Nd5 13. Nc4 b5 14. Nd6+ Bxd6 15. exd6 Qxd6 16. f5 O-O 17. f6 Qe5 18. fxg7 Qxg7 19. Ne4 Rad8 20. Qh5 Qg6 21. Qh4 Ne5 22. Bh6 c4 23. Bxf8 Rxf8 24. Nf6+ Nxf6 25. Rxf6 Qd3 26. Bxb7 Qe3+ 27. Kh1 Nd3 28. Raf1 Rb8 29. Rxf7 Rxb7 30. Qxh7# 1-0


[Site "https://www.chess.com"]

[Event "Titled Tuesday Blitz May 30 Late 2023"]
[White "Bilan, Danila"]
[Black "drdaro"]
[WhiteFideId "24161918"]
[WhiteElo "2182"]
[BlackElo "2335"]
[Result "0-1"]
[Round "05"]
[TimeControl "180+2"]
[Date "2023.05.31"]
[WhiteClock "0:00:05"]
[BlackClock "0:00:49"]

1. d4 g6 2. Nf3 Bg7 3. Bg5 Nf6 4. c3 O-O 5. Nbd2 d5 6. e3 c5 7. Bd3 b6 8. e4 dxe4 9. Nxe4 Bb7 10. Qe2 Nbd7 11. O-O Rc8 12. Rad1 cxd4 13. Nxd4 Qc7 14. Nb5 Qb8 15. Bh4 a6 16. Nd4 b5 17. Bg3 Qa7 18. Nxf6+ Bxf6 19. Be4 Rfe8 20. h4 Nc5 21. Bb1 e5 22. Nf3 Qa8 23. h5 Bd5 24. hxg6 hxg6 25. Ne1 Bc4 26. Nd3 e4 27. Qe3 Nxd3 28. b3 Bd5 29. Bc2 Rxc3 30. Bb1 Qc6 31. Qh6 Bg7 32. Qh3 Nf4 33. Qg4 Nd3 34. Rd2 Bh6 35. Re2 Nc1 36. Ree1 e3 37. fxe3 Bxg2 38. Rf2 Be4 39. Bf4 Bxf4 40. exf4 Bxb1 41. Rxe8+ Qxe8 42. f5 Bxf5 43. Rxf5 Qe1+ 44. Rf1 Ne2+ 45. Kh2 Qg3+ 46. Qxg3 Nxg3 47. Rf2 Nf5 48. Rd2 Kg7 49. Kg2 Rc2 50. Rf2 Rxf2+ 51. Kxf2 Kf6 52. a4 Ke5 53. a5 g5 54. Kf3 Nd4+ 55. Kg4 f6 56. Kg3 Nxb3 57. Kg4 Nxa5 58. Kf3 b4 59. Kg4 b3 0-1


[Site "https://www.chess.com"]

[Event "Titled Tuesday Blitz May 30 Late 2023"]
[White "Padalka, Artem"]
[Black "Do Nascimento,Christian Almeida"]
[WhiteFideId "14118637"]
[BlackFideId "2143801"]
[WhiteElo "2073"]
[BlackElo "2118"]
[Result "1-0"]
[Round "05"]
[TimeControl "180+2"]
[Date "2023.05.31"]
[WhiteClock "0:00:09"]
[BlackClock "0:00:10"]

1. Nf3 Nf6 2. c4 c5 3. g3 g6 4. Bg2 Bg7 5. O-O O-O 6. Nc3 Nc6 7. d3 d5 8. Bg5 dxc4 9. dxc4 Qxd1 10. Rfxd1 Be6 11. Nd5 Rad8 12. Ne1 h6 13. Be3 Bxd5 14. cxd5 Nd4 15. Bxd4 cxd4 16. Rxd4 e6 17. Ra4 Nxd5 18. Rxa7 Bxb2 19. Rb1 Bd4 20. Raxb7 Ra8 21. Bxd5 exd5 22. Rd7 Rxa2 23. e3 Bg7 24. Rxd5 h5 25. h4 Rc8 26. Kg2 Rca8 27. Nd3 Rd2 28. Nf4 Rc2 29. Rb7 Raa2 30. Nh3 Rc8 31. Rdd7 Rf8 32. Ng5 Bh6 33. Kf3 Bxg5 34. hxg5 Kg7 35. e4 Ra5 36. Kf4 Ra2 37. f3 Ra5 38. e5 Ra4+ 39. Ke3 Ra3+ 40. Kf2 Ra5 41. e6 Rf5 42. f4 Kg8 43. e7 Re8 44. Rd8 Kg7 45. Rxe8 Ra5 46. Rg8+ 1-0


[Site "https://www.chess.com"]

[Event "Titled Tuesday Blitz May 30 Late 2023"]
[White "Skuhala, Barbara"]
[Black "Gheorghiu, Calin"]
[WhiteFideId "14605465"]
[BlackFideId "1200305"]
[WhiteElo "2072"]
[BlackElo "2223"]
[Result "0-1"]
[Round "05"]
[TimeControl "180+2"]
[Date "2023.05.31"]
[WhiteClock "0:01:42"]
[BlackClock "0:00:32"]

1. e4 e6 2. d4 d5 3. Nc3 Bb4 4. e5 c5 5. a3 Bxc3+ 6. bxc3 Ne7 7. Qg4 Qc7 8. Qxg7 Rg8 9. Qxh7 cxd4 10. Ne2 dxc3 11. f4 Na6 12. Qd3 Nc5 13. Qxc3 Bd7 14. Nd4 a6 15. Bd2 Rc8 16. Nb3 Qb6 17. Be3 Nxb3 18. Qxb3 Qxb3 19. cxb3 Rc3 20. Kf2 Rxb3 21. Be2 Nf5 22. Bc5 Bb5 23. Bxb5+ Rxb5 24. Rhc1 Rb2+ 25. Kf3 Rgxg2 26. Rab1 Rbe2 0-1


[Site "https://www.chess.com"]

[Event "Titled Tuesday Blitz May 30 Late 2023"]
[White "SergioMoralesG"]
[Black "Bashkansky, Ethan"]
[BlackFideId "2071533"]
[WhiteElo "2530"]
[BlackElo "2322"]
[Result "0-1"]
[Round "05"]
[TimeControl "180+2"]
[Date "2023.05.31"]
[WhiteClock "0:00:02"]
[BlackClock "0:00:06"]

1. e4 c6 2. Nf3 d5 3. d3 dxe4 4. dxe4 Qxd1+ 5. Kxd1 Bg4 6. Nd2 Nd7 7. h3 Bh5 8. g4 Bg6 9. Nh4 f6 10. Nxg6 hxg6 11. Bc4 Ne5 12. Bxg8 Rxg8 13. f4 Nd7 14. Ke2 e6 15. Nf3 Bc5 16. Be3 Kf7 17. Rad1 Bxe3 18. Rxd7+ Ke8 19. Rxb7 Bxf4 20. Rd1 Rb8 21. Rdd7 Rh8 22. Rxb8+ Bxb8 23. Rxg7 g5 24. Nd4 Be5 25. Nxc6 Bxb2 26. Rb7 Rxh3 27. Rxb2 Rg3 28. Nxa7 Rxg4 29. Kf3 Rf4+ 30. Ke3 f5 31. exf5 exf5 32. Nb5 Re4+ 33. Kd3 Re5 34. c4 f4 35. Rf2 Kf7 36. a4 Kg6 37. a5 Kf5 38. a6 g4 39. a7 Re8 40. Nc7 Rd8+ 41. Kc3 g3 42. Rg2 Kg4 43. Nd5 f3 44. Rd2 Ra8 45. Ra2 g2 46. Ne3+ Kg3 47. Ra1 f2 48. Nxg2 Kxg2 49. c5 Rxa7 50. Rxa7 f1=Q 51. Rg7+ Kh3 52. Rh7+ Kg4 53. Rg7+ Kh5 0-1


[Site "https://www.chess.com"]

[Event "Titled Tuesday Blitz May 30 Late 2023"]
[White "Magallanes, Rey Jomar"]
[Black "Chylewski, Patryk"]
[WhiteFideId "5205948"]
[BlackFideId "1186191"]
[WhiteElo "2261"]
[BlackElo "2163"]
[Result "0-1"]
[Round "05"]
[TimeControl "180+2"]
[Date "2023.05.31"]
[WhiteClock "0:00:15"]
[BlackClock "0:00:10"]

1. e4 c6 2. d4 d5 3. e5 c5 4. Nf3 Bg4 5. dxc5 e6 6. c3 Bxc5 7. Qa4+ Nd7 8. Qxg4 Ne7 9. Bd3 Ng6 10. b4 Be7 11. Bb5 a6 12. Bxd7+ Qxd7 13. Be3 a5 14. Nbd2 Qb5 15. Rb1 axb4 16. cxb4 Rxa2 17. Qd4 O-O 18. h4 f6 19. h5 Nxe5 20. Nxe5 fxe5 21. Qxe5 Bxb4 22. Rd1 Qd3 23. h6 Rf6 24. hxg7 Kxg7 25. Rh4 Bxd2+ 26. Rxd2 Qb1+ 27. Ke2 Qb5+ 28. Ke1 Qb1+ 29. Rd1 Qc2 30. Rg4+ Kf7 31. Rd2 Qb1+ 32. Ke2 Qb5+ 33. Ke1 Qb1+ 34. Rd1 Qc2 35. Bd2 Qd3 36. Rg7+ Kxg7 37. Qg5+ Kf7 38. Qe3 Qe4 39. Qxe4 dxe4 40. Bc3 Rf5 41. Rd2 Rxd2 42. Bxd2 Rd5 43. Ke2 b5 44. Be3 b4 45. Bd2 b3 46. Bc1 Rc5 47. Bb2 Rc2+ 48. Ke3 Rxb2 49. Kxe4 Rxf2 50. Ke5 Rxg2 51. Kd6 b2 52. Kd7 b1=Q 53. Kd8 Qd3+ 54. Kc7 Rc2+ 55. Kb7 Qb3+ 56. Ka7 Ra2# 0-1


[Site "https://www.chess.com"]

[Event "Titled Tuesday Blitz May 30 Late 2023"]
[White "Moral Garcia, Serafin"]
[Black "KSho99"]
[WhiteFideId "2201925"]
[WhiteElo "2274"]
[BlackElo "2207"]
[Result "1-0"]
[Round "05"]
[TimeControl "180+2"]
[Date "2023.05.31"]
[WhiteClock "0:00:20"]
[BlackClock "0:00:02"]

1. c4 e6 2. Nf3 f5 3. b3 Nf6 4. Bb2 Be7 5. g3 O-O 6. Bg2 d5 7. O-O b6 8. d3 Bb7 9. Nbd2 Nbd7 10. Ng5 Nc5 11. b4 Ne8 12. Ndf3 Bxg5 13. bxc5 bxc5 14. Nxg5 Qxg5 15. Ba3 Nd6 16. cxd5 Bxd5 17. Bxc5 Bxg2 18. Kxg2 f4 19. Rc1 Rf6 20. Qa4 Raf8 21. f3 fxg3 22. hxg3 Nf5 23. Qg4 Ne3+ 24. Bxe3 Qxe3 25. Qe4 Qd2 26. Rxc7 Qxa2 27. f4 Qd5 28. Qxd5 exd5 29. Rxa7 Re6 30. Kf2 g5 31. e3 d4 32. Re1 dxe3+ 33. Rxe3 Rxe3 34. Kxe3 gxf4+ 35. gxf4 Re8+ 36. Kf3 Rd8 37. Ra3 Kf7 38. Ke4 Ke6 39. d4 h5 40. Ra6+ Ke7 41. Rh6 1-0


[Site "https://www.chess.com"]

[Event "Titled Tuesday Blitz May 30 Late 2023"]
[White "Fuentes Godoy, Lilia Ivonne"]
[Black "Tissir, Mohamed"]
[WhiteFideId "5104130"]
[BlackFideId "9000240"]
[WhiteElo "2096"]
[BlackElo "2458"]
[Result "0-1"]
[Round "05"]
[TimeControl "180+2"]
[Date "2023.05.31"]
[WhiteClock "0:00:02"]
[BlackClock "0:00:47"]

1. d4 Nf6 2. c4 g6 3. d5 c5 4. Nc3 Bg7 5. e4 d6 6. h3 O-O 7. Nf3 e6 8. Bd3 exd5 9. exd5 Re8+ 10. Be3 Nbd7 11. O-O a6 12. Re1 Nh5 13. Qd2 Ne5 14. Be2 Nxf3+ 15. Bxf3 Nf6 16. Bg5 Rxe1+ 17. Rxe1 b5 18. cxb5 axb5 19. Nxb5 Rxa2 20. Qf4 Ra6 21. Bxf6 Bxf6 22. Nc7 Be5 23. Rxe5 dxe5 24. Qxe5 f6 25. Qf4 Qd6 26. Qxd6 Rxd6 27. Nb5 Rb6 28. Na7 Bd7 29. d6 Kf7 30. Bd5+ Ke8 0-1


[Site "https://www.chess.com"]

[Event "Titled Tuesday Blitz May 30 Late 2023"]
[White "Djordjevic, Dejan N"]
[Black "Minko, Dmitry"]
[WhiteFideId "913316"]
[BlackFideId "24188468"]
[WhiteElo "2261"]
[BlackElo "2147"]
[Result "0-1"]
[Round "05"]
[TimeControl "180+2"]
[Date "2023.05.31"]
[WhiteClock "0:00:01"]
[BlackClock "0:00:10"]

1. e4 e5 2. Nf3 Nc6 3. Bc4 Nf6 4. d3 h6 5. O-O g6 6. Nc3 Bg7 7. Ne2 O-O 8. Ng3 d5 9. exd5 Nxd5 10. a3 Be6 11. Re1 Nf4 12. Bxf4 exf4 13. Bxe6 fxg3 14. Bc4 gxf2+ 15. Kxf2 Bxb2 16. Rb1 Bxa3 17. Rxb7 Bc5+ 18. Kf1 Bb6 19. c3 Na5 20. Ba6 Nxb7 21. Bxb7 Rb8 22. Ba6 Qf6 23. Qa1 Rfe8 24. d4 Rxe1+ 25. Kxe1 Re8+ 26. Kf1 g5 27. h3 Re3 28. Kf2 Re7 29. Bc4 Qf4 30. Kg1 c5 31. Kh1 cxd4 32. cxd4 Rd7 33. Qe1 Kg7 34. d5 Qxc4 35. Qe5+ f6 0-1


[Site "https://www.chess.com"]

[Event "Titled Tuesday Blitz May 30 Late 2023"]
[White "i_like_explosions"]
[Black "Odegov, Artem"]
[BlackFideId "34183644"]
[WhiteElo "2407"]
[BlackElo "2300"]
[Result "1-0"]
[Round "05"]
[TimeControl "180+2"]
[Date "2023.05.31"]
[WhiteClock "0:00:09"]
[BlackClock "0:00:04"]

1. d4 Nf6 2. Bg5 Ne4 3. Bf4 Nc6 4. f3 Nf6 5. e4 d6 6. Be3 g6 7. Nc3 Bg7 8. Qd2 O-O 9. O-O-O e5 10. d5 Ne7 11. h4 h5 12. Kb1 a6 13. Bh6 b5 14. Qg5 Nh7 15. Qd2 Rb8 16. Be2 f5 17. Bxg7 Kxg7 18. Nh3 f4 19. Rdg1 Bxh3 20. Rxh3 Qd7 21. Bf1 b4 22. Nd1 a5 23. g4 Kh8 24. Rh2 Nf6 25. Bh3 Qe8 26. Qg2 Qf7 27. gxh5 Nxh5 28. Be6 Qg7 29. Qg5 Kh7 30. Nf2 Qf6 31. Ng4 Qxg5 32. hxg5 Kg7 33. Rgh1 a4 34. Kc1 b3 35. axb3 axb3 36. Rd2 Ra8 37. Kb1 Ra5 38. Rc1 Rfa8 39. cxb3 Ra1+ 40. Kc2 Rxc1+ 41. Kxc1 Ra1+ 42. Kc2 Rf1 43. Rd3 Ng3 44. Rc3 Ne2 45. Rxc7 Nd4+ 46. Kd3 Rxf3+ 47. Kc4 Kf8 48. Rd7 Rxb3 49. Rd8+ Kg7 50. Re8 Rb7 51. Nf6 Rc7+ 52. Kd3 f3 53. Ke3 Rb7 54. Nd7 Rb3+ 55. Kf2 Rxb2+ 56. Kg3 Rg2+ 57. Kh3 Nxe6 58. Rxe7+ Kg8 59. dxe6 Rxg5 60. Rf7 Rh5+ 61. Kg3 Rh1 62. Rf8+ Kg7 63. e7 f2 64. Kxf2 Rh4 65. e8=Q Rxe4 66. Qf7+ Kh6 67. Rh8+ Kg5 68. Qe7+ Kg4 69. Qh4+ Kf5 70. Rf8+ Ke6 71. Qf6+ Kd5 72. Qf7+ Kd4 73. Nf6 Rf4+ 74. Kg3 Kd3 75. Qd5+ Ke2 76. Qa2+ Kf1 77. Qb1+ Ke2 78. Nh7 Re4 79. Qf1+ Kd2 80. Rf2+ Ke3 81. Qe2+ Kd4 82. Qd2+ Kc5 83. Rf3 Rd4 84. Qc2+ Kd5 85. Qb3+ Ke4 86. Nf6# 1-0


[Site "https://www.chess.com"]